AoeStats
← Licrovan

Arabia

510519875Analyzed
2v2 RM · 1d ago on Oct 1, 2026· 36m 29s· 4 players
Game mode
Random Map
Map size
Medium (4 player)
Population
200
Speed
Normal
Resources
Standard
Victory
Conquest
Starting age
Dark Age
Ending age
Imperial Age
RankedLock teamsTeams togetherTeam positionsShared explorationLock speedFull tech treeHidden civsTurbo modeCheats
Victory
Defeat
878
+10
775
+13
🇳🇱 Vietnamese · Netherlands
762
-18
🇳🇱 Franks · Netherlands
688
-17
Licrovan
12:02 Feudal Age
12:30 Double-Bit Axe
21:41 Castle Age
21:35 Arson
22:00 Light Cavalry
22:56 Bow Saw
23:48 Scale Barding Armor
23:59 Scale Mail Armor
25:06 Loom
30:03 Chain Barding Armor
Ancrypto
7:07 Loom
10:22 Feudal Age
14:12 Wheelbarrow
14:52 Fletching
15:15 Padded Archer Armor
25:06 Castle Age
29:32 Hand Cart
29:17 Crossbowman
砍德沃.基尔邦硬.香达菲基
4:23 Loom
11:00 Feudal Age
13:42 Man-at-Arms
20:00 Castle Age
18:34 Double-Bit Axe
19:53 Horse Collar
30:36 Imperial Age
28:46 Gold Mining
29:27 Scale Mail Armor
29:37 Forging
30:32 Bow Saw
30:59 Gold Shaft Mining
30:31 Squires
29:55 Long Swordsman
30:24 Arson
32:03 Chain Mail Armor
32:44 Conscription
33:17 Plate Mail Armor
32:57 Town Watch
32:56 Two-Handed Swordsman
33:39 Elite Berserk
35:51 Heavy Plow
哈哈哈我不是数字名字
3:25 Loom
11:40 Feudal Age
12:58 Wheelbarrow
12:10 Horse Collar
12:55 Double-Bit Axe
18:20 Gold Mining
18:23 Stone Mining
21:16 Castle Age
22:20 Hand Cart
22:43 Stone Shaft Mining
22:10 Heavy Plow
22:24 Bow Saw
23:08 Forging
23:05 Scale Barding Armor
22:53 Fletching
23:33 Husbandry
25:19 Bloodlines
24:32 Light Cavalry
27:06 Iron Casting
31:28 Szlachta Privileges
37:04 Imperial Age
36:26 Scale Mail Armor
36:49 Chain Barding Armor
Connection lost

Rejoining the realm…

Still unreachable

The connection could not be restored.

Session expired

The server has moved on; the page needs a fresh start.